 Dungeon Crawl Stone Soup version 0.30-a0-474-g5673dd7ce6 (webtiles) character file.

Game seed: 15919257900830080420

23205 Ijustatesigmund the Slicer (level 13, -17/87 HPs)
             Began as a Kobold Brigand on Dec 20, 2022.
             Was an Elder of Wu Jian.
             Demolished by a +6 long sword (23 damage)
             ... on level 12 of the Dungeon.
             The game lasted 00:40:38 (16115 turns).

Ijustatesigmund the Slicer (Kobold Brigand)        Turns: 16115, Time: 00:40:38

Health: -17/87     AC: 14    Str: 13    XL:     13   Next: 33%
Magic:  13/13      EV: 20    Int: 13    God:    Wu Jian [****..]
Gold:   967        SH: 12    Dex: 22    Spells: 11/12 levels left

rFire   . . .      SeeInvis +    a - +4 rapier
rCold   . . .      Faith    .    D - +0 buckler
rNeg    . . .      Spirit   .    J - +0 acid dragon scales
rPois   .          Reflect  +    t - +1 helmet
rElec   .          Harm     .    c - +0 cloak
rCorr   +          Rampage  .    E - +0 pair of gloves
Will    +....                    k - +2 pair of boots
Stlth   ++++++....               l - amulet of reflection
HPRegen 0.34/turn                P - +6 ring of dexterity
MPRegen 0.13/turn                R - ring "Nefiva" {Will+ SInv}

@: marked, hasted, very quick
A: small, no large weapons, nightstalker 3, talons 1
a: Renounce Religion, Wall Jump, Serpent's Lash


You were on level 12 of the Dungeon.
You worshipped Wu Jian.
Wu Jian was greatly pleased with you.
You visited 3 branches of the dungeon, and saw 15 of its levels.
You also visited: Gauntlet.

You collected 967 gold pieces.

Inventory:

Hand Weapons
 a - a +4 rapier (weapon)
 u - a +4 dagger
 X - a +6 triple crossbow of draining
Missiles
 d - 29 poisoned darts
 e - 5 curare-tipped darts (quivered)
 A - 2 atropa-tipped darts
 B - 2 throwing nets
Armour
 b - a +2 robe of the Archmagi
 c - a +0 cloak (worn)
 k - a +2 pair of boots (worn)
 t - a +1 helmet (worn)
 C - +0 steam dragon scales
 D - a +0 buckler (worn)
 E - a +0 pair of gloves (worn)
 J - +0 acid dragon scales (worn)
 K - a scarf of invisibility
 O - a +0 troll leather armour
Jewellery
 l - an amulet of reflection (around neck)
 s - a ring of ice
 M - a ring of magical power
 N - a +6 ring of intelligence
 P - a +6 ring of dexterity (left hand)
 R - the ring "Nefiva" (right hand) {Will+ SInv}
   (You found it in a Gauntlet)

   [ring of see invisible]

   SInv:      It lets you see invisible.
   Will:      It increases your willpower.
 T - a ring of fire
Wands
 p - a wand of roots (7)
 w - a wand of flame (46)
 L - a wand of charming (8)
 V - a wand of digging (3)
Scrolls
 h - a scroll of immolation
 v - 3 scrolls of poison
 x - 5 scrolls of teleportation
 y - a scroll of fog
 z - 2 scrolls of fear
 G - a scroll of brand weapon {unknown}
 H - 4 scrolls of identify
Potions
 f - 4 potions of brilliance
 g - 4 potions of mutation
 i - a potion of might
 j - 2 potions of invisibility
 m - 5 potions of attraction
 n - a potion of haste
 o - 2 potions of lignification
 q - a potion of resistance
 r - 5 potions of curing
 U - a potion of magic {unknown}
 W - a potion of flight {unknown}
Miscellaneous
 I - a condenser vane
 Q - a lightning rod (4/4)
 S - a piece from Xom's chessboard (15/15)


   Skills:
 + Level 12.7 Fighting
 + Level 14.9 Short Blades
 - Level 5.0 Throwing
 - Level 3.3 Armour
 + Level 9.2 Dodging
 + Level 13.2 Stealth
 - Level 5.0 Shields
 - Level 3.3 Translocations
 - Level 4.1 Evocations


You had 11 spell levels left.
You knew the following spells:

 Your Spells              Type           Power      Damage    Failure   Level
a - Apportation           Tloc           16%        N/A       16%         1

Your spell library contained the following spells:

 Spells                   Type           Power      Damage    Failure   Level
 Necrotise                Necr           0%         1d4       54%         1
 Summon Small Mammal      Summ           0%         N/A       54%         1
 Kindle Blastsparks       Fire/Tloc/Air  4%         2d10      77%         3
 Iskenderun's Mystic Bla  Conj/Tloc      4%         2d3       97%         4
 Fulminant Prism          Conj/Hex       0%         3d5       99%         4
 Lee's Rapid Deconstruct  Erth           0%         3d4*      100%        5
 Summon Forest            Summ/Tloc      2%         N/A       100%        5
 Eringya's Noxious Bog    Tmut/Pois      0%         N/A       100%        6
 Summon Hydra             Summ           0%         N/A       100%        7
 Chain Lightning          Conj/Air       0%         N/A       100%        9
 Fire Storm               Conj/Fire      0%         5d1       100%        9
 Shatter                  Erth           0%         3d5*      100%        9


Dungeon Overview and Level Annotations

Branches:
Dungeon (13/15)            Temple (1/1) D:5            Lair (1/5) D:8
    Orc (0/2) D:12        Gauntlet (visited)
 Vaults: D:13-14

Altars:
Ashenzari
Cheibriados
Dithmenos
Elyvilon
Fedhas
Gozag
Hepliaklqana
Kikubaaqudgha
Makhleb
Nemelex Xobeh
Okawaru
Qazlal
Ru
Sif Muna
Trog
Uskayaw
Vehumet
Wu Jian
Xom
Yredelemnul
Zin
The Shining One


Innate Abilities, Weirdness & Mutations

You are small and have problems with some larger weapons.
You are completely attuned to the shadows.
You have sharp toenails.


Message History

Found 6 stones.
A cyclops comes into view.
A sourceless malevolence fills the Dungeon...
With a horrendous wail, an alarm goes off!
A sentinel's mark forms upon you.
You hear a shout! x3; You hear a faint skittering sound.
You hear an angry buzzing noise. x2; You hear a shout!
A troll comes into view.
You hear a shout!
A +3 long sword comes into view.
A +6 long sword comes into view.
The cyclops throws a large rock.
You reflect the large rock off an invisible shield around you!
The large rock hits the cyclops!!
The efreet gestures at you. The bolt of fire hits you!!
A centaur warrior comes into view.
You spin and attack the efreet repeatedly.
You hit the efreet but do no damage. x2
A vampire mosquito comes into view.
The efreet gestures at you. The bolt of fire hits you!
You block the +3 long sword's attack.
You spin and attack the efreet repeatedly.
You hit the efreet but do no damage. You completely miss the efreet.
The efreet hits you with a +0 scimitar of flaming.
The efreet burns you.
There is a stone staircase leading up here.
The +3 long sword hits you!! The +6 long sword hits you!!
* * * LOW HITPOINT WARNING * * *
You block the efreet's attack. The +3 long sword hits you.
* * * LOW HITPOINT WARNING * * *
You block the +6 long sword's attack.
You climb upwards.
There is a stone staircase leading down here.
Blink to where?
Press: ? - help, Dir - move target
As you read the scroll of blinking, it crumbles to dust.
You feel yourself speed up. You block the +6 long sword's attack.
The +6 long sword attacks as you move away!
The +6 long sword hits you!!
You die...

######### ###### #.......#
.....############## #.......#
.......##.....)(..####)))....#
.....#.##○°○R..(@.'..#...)...####
.....#..'.>.......##.'.).....'...
.....####.........####.......###.
.....# ######'#### ##'###### ##
.....# ##.# #.....## # .....#
#..# #####..#### #.#### #.##
##....# #..### #.# #######'#
.....# ##'##### #........


You could see an efreet and 2 dancing weapons.

Vanquished Creatures
  A minotaur (Gauntlet)
  A centaur warrior (D:9)
  A catoblepas (D:11)
  4 death yaks (Gauntlet)
  2 two-headed ogres (D:11)
  2 soul eaters
  A necromancer (Gauntlet)
  An ugly thing (D:11)
  3 cyclopes
  A gargoyle (D:12)
  3 unseen horrors
  An ice devil (D:10)
  4 trolls
  2 hellwings (D:10)
  A meliai (D:11)
  A troll (shapeshifter) (D:13)
  2 hornets
  Prince Ribbit (D:6)
  A vampire (D:11)
  3 shadows
  Grum (D:11)
  16 yaks
  6 wraiths
  4 steam dragons
  A chaos spawn (D:10)
  A neqoxec (D:10)
  2 acid dragons
  3 ice beasts
  5 sky beasts
  A black bear (D:7)
  4 orc warriors (D:12)
  2 ogres
  3 wolves (D:11)
  5 centaurs
  5 small abominations (Gauntlet)
  A kobold brigand (D:9)
  Blork the orc (D:5)
  6 bullfrogs
  2 necrophages
  A gnoll sergeant (D:9)
  8 scorpions
  14 killer bees
  3 electric eels (D:11)
  2 howler monkeys (D:8)
  2 jellies
  3 quasits (D:10)
  7 orc priests
  Crazy Yiuf (D:6)
  3 hounds
  A gnoll bouda (D:9)
  3 iguanas
  11 orc wizards
  Natasha (thrice) (D:3)
  A mummy (D:7)
  16 gnolls
  9 adders
  5 shadow imps
  A white imp (D:6)
  2 ufetubi
  A worm (D:3)
  3 dart slugs
  24 orcs
  4 endoplasms
  4 giant cockroaches
  4 goblins
  4 hobgoblins
  9 jackals
  13 kobolds
  A quokka (D:1)
  7 ball pythons
  4 bats
  A hobgoblin zombie (D:7)
  A kobold zombie (D:7)
  2 orc zombies (D:7)
  3 rats
286 creatures vanquished.

Vanquished Creatures (collateral kills)
  A large abomination (Gauntlet)
  A bullfrog (D:9)
2 creatures vanquished.

Vanquished Creatures (others)
  A demonic plant (D:10)
  2 plants (D:6)
3 creatures vanquished.

Grand Total: 291 creatures vanquished

Notes
Turn   | Place    | Note
-------+----------+-------------------------------------------
     0 | D:1      | Ijustatesigmund the Kobold Brigand began the quest for the
                  | Orb.
     0 | D:1      | Reached XP level 1. HP: 12/12 MP: 1/1
   220 | D:1      | You fall into a shaft and drop 1 floor!
   253 | D:2      | Reached skill level 3 in Short Blades
   257 | D:2      | Reached XP level 2. HP: 18/18 MP: 2/2
   381 | D:2      | Reached XP level 3. HP: 18/23 MP: 3/3
   454 | D:2      | Reached skill level 4 in Short Blades
  1275 | D:2      | Reached XP level 4. HP: 28/28 MP: 4/4
  2373 | D:3      | Noticed Natasha
  2380 | D:3      | Killed Natasha
  2381 | D:3      | Reached XP level 5. HP: 18/33 MP: 5/5
  2440 | D:3      | Noticed Natasha
  2452 | D:3      | Killed Natasha
  2662 | D:3      | Noticed Natasha
  2674 | D:3      | Killed Natasha
  2765 | D:3      | Found a faded altar of an unknown god.
  2876 | D:4      | Reached skill level 9 in Short Blades
  2876 | D:4      | Reached skill level 10 in Stealth
  2876 | D:4      | Reached XP level 6. HP: 44/44 MP: 6/6
  3161 | D:4      | Reached XP level 7. HP: 48/48 MP: 7/7
  3766 | D:4      | Learned a level 1 spell: Apportation
  4115 | D:4      | Reached skill level 1 in Evocations
  4115 | D:4      | Reached XP level 8. HP: 54/54 MP: 8/8
  4122 | D:4      | Reached skill level 1 in Translocations
  4863 | D:5      | Entered Level 5 of the Dungeon
  5224 | D:5      | Found a staircase to the Ecumenical Temple.
  5232 | Temple   | Entered the Ecumenical Temple
  5513 | Temple   | Became a worshipper of the Wu Jian Council
  5688 | D:5      | Reached skill level 10 in Short Blades
  5787 | D:5      | Found a shadowy altar of Dithmenos.
  5812 | D:5      | Noticed Blork the orc
  5815 | D:5      | Killed Blork the orc
  6415 | D:6      | Reached XP level 9. HP: 60/60 MP: 9/9
  6492 | D:6      | Found a broken altar of Ashenzari.
  6764 | D:6      | Found a sparkling altar of Nemelex Xobeh.
  6781 | D:6      | Noticed Prince Ribbit
  6785 | D:6      | Killed Prince Ribbit
  7286 | D:6      | Found a runed translucent door.
  7289 | D:6      | Noticed Crazy Yiuf
  7293 | D:6      | Killed Crazy Yiuf
  7295 | D:6      | Identified the +4 hammer of Revolt {chaos, Fragile +Blink
                  | rCorr SInv}
  7410 | D:7      | Found a hide-covered altar of Uskayaw.
  7641 | D:7      | Identified the +7 chain mail of Boliriggi {Str+4}
  7678 | D:7      | Found an iron altar of Okawaru.
  7699 | D:7      | Reached skill level 1 in Shields
  7699 | D:7      | Reached XP level 10. HP: 66/66 MP: 10/10
  7825 | D:7      | Found a burning altar of Makhleb.
  7965 | D:8      | Reached skill level 11 in Short Blades
  7967 | D:8      | Reached * piety under Wu Jian
  8147 | D:8      | Found a white marble altar of Elyvilon.
  8246 | D:8      | Found a staircase to the Lair.
  8603 | D:9      | Noticed a centaur warrior
  8607 | D:9      | Killed a centaur warrior
  8609 | D:9      | Identified the +1 robe "Naumn" {rC++}
  8617 | D:9      | Reached skill level 10 in Fighting
  8837 | D:9      | Reached skill level 12 in Short Blades
  8997 | D:9      | Reached XP level 11. HP: 72/72 MP: 11/11
  9301 | D:9      | Reached ** piety under Wu Jian
  9610 | D:10     | Entered Level 10 of the Dungeon
  9805 | D:10     | Noticed a soul eater
 10503 | D:10     | Gained mutation: You have sharp toenails. [a neqoxec]
 10665 | D:10     | Killed a soul eater
 10666 | D:10     | Reached skill level 13 in Short Blades
 10872 | D:10     | Reached skill level 5 in Throwing
 10994 | D:10     | Found a glowing golden altar of the Shining One.
 11183 | D:10     | Found a basalt altar of Yredelemnul.
 11520 | Lair:1   | Entered Level 1 of the Lair of Beasts
 11678 | D:11     | Reached skill level 1 in Armour
 11823 | D:11     | Noticed a two-headed ogre
 11825 | D:11     | Killed a two-headed ogre
 11826 | D:11     | Reached XP level 12. HP: 80/80 MP: 12/12
 12077 | D:11     | Reached *** piety under Wu Jian
 12090 | D:11     | Noticed a two-headed ogre
 12356 | D:11     | Killed a two-headed ogre
 12811 | D:11     | Noticed Grum
 13516 | D:12     | Found a staircase to the Orcish Mines.
 13995 | D:12     | Reached skill level 14 in Short Blades
 14181 | D:11     | Noticed a catoblepas
 14184 | D:11     | Killed a catoblepas
 14206 | D:11     | Killed Grum
 14207 | D:11     | Reached skill level 5 in Shields
 14404 | D:11     | Reached **** piety under Wu Jian
 15320 | D:13     | Found a gate leading to a gauntlet.
 15355 | Gauntlet | Entered a Gauntlet
 15355 | Gauntlet | Noticed a large abomination
 15397 | Gauntlet | Found a transporter.
 15421 | Gauntlet | Found a transporter.
 15421 | Gauntlet | Found a transporter.
 15437 | Gauntlet | Noticed a soul eater
 15442 | Gauntlet | Found a transporter.
 15442 | Gauntlet | Found a transporter.
 15451 | Gauntlet | Noticed a death yak
 15451 | Gauntlet | Noticed a death yak
 15452 | Gauntlet | Noticed a death yak
 15453 | Gauntlet | Noticed a death yak
 15466 | Gauntlet | Found a transporter.
 15472 | Gauntlet | Found a transporter.
 15473 | Gauntlet | Found the brooch of Shielding {Spirit SH+8}
 15493 | Gauntlet | Noticed a catoblepas
 15511 | Gauntlet | Noticed a tengu warrior
 15517 | Gauntlet | Found a transporter.
 15623 | Gauntlet | Killed a large abomination
 15624 | Gauntlet | Reached XP level 13. HP: 57/86 MP: 13/13
 15987 | Gauntlet | Identified the +0 scale mail of Wasted Space {Int+7}
 16020 | Gauntlet | Identified the ring "Nefiva" {Will+ SInv}
 16062 | Gauntlet | Noticed a minotaur
 16065 | Gauntlet | Killed a minotaur
 16106 | D:13     | Noticed a centaur warrior
 16109 | D:13     | HP: 4/87 [+3 long sword (5)]
 16115 | D:12     | Demolished by a +6 long sword

Illustrated notes

Levels and vault maps discovered:
D:1:      minmay_arrival_plants_in_alcoves, layout_basic, roderic_lattice_a
D:2:      minmay_evil_eye, layout_basic, nrook_loot_triangle,
          dreamdust_wishing_well
D:3:      layout_basic, shapermc_ecumenical_altar_hornbeckon, uniq_natasha
D:4:      layout_layer_cave
D:5:      layout_basic, lemuel_round_altar, minmay_temple_entry_junction,
          uniq_blork_the_orc
D:6:      layout_loops_corners, mainiacjoe_overflow_catwalk_spiral, st_stairs_4,
          serial_bayou_pond_a, uniq_prince_ribbit1, uniq_crazy_yiuf_cottage
D:7:      layout_gridville, eat_drink_and_be_merry_uskayaw,
          okawaru_ov_weapons_minmay, mainiacjoe_overflow_brackets,
          minmay_mini_ossuary
D:8:      layout_rooms, elyvilon_altar_5, lair_entry_dummy
D:9:      layout_rooms, kennysheep_nub
D:10:     layout_gridville, amcnicky_altar_gilded, mainiacjoe_overflow_alcove_4,
          serial_demonic, serial_demonic_e, serial_demonic_a, serial_demonic_f,
          serial_demonic_c, kennysheep_generic_room_12
D:11:     kennysheep_big_flooded_room, layout_stronghold, hangedman_misty_isle,
          uniq_grum
D:12:     layout_roguey, david_orc_4, kennysheep_big_empty_room
D:13:     layout_big_octagon, erik_vaults_1, gauntlet_entry_generic
Temple:   dshaligram_water_room_temple
Lair:1:   layout_roguey, lemuel_fruit_fields, grunt_megastairs_2, uniq_urug

Skill      XL: |  1  2  3  4  5  6  7  8  9 10 11 12 13 |
---------------+----------------------------------------+-----
Short Blades   | 3 4 9 10 12 13 14 | 14.9
Fighting       | 3 7 8 9 10 11 12 | 12.7
Dodging        | 2 7 8 9 |  9.2
Stealth        | 10 11 12 13 | 13.2
Evocations     | 1 2 4 |  4.1
Translocations | 2 3 |  3.3
Shields        | 1 3 5 |  5.0
Throwing       | 5 |  5.0
Armour         | 1 3 |  3.3

Action                   |  1- 3 |  4- 6 |  7- 9 | 10-12 | 13-15 || total
-------------------------+-------+-------+-------+-------+-------++-------
Melee: Dagger            |    35 |    91 |       |       |       ||   126
       Punch             |     1 |     2 |     1 |       |       ||     4
       Rapier            |       |    27 |   202 |   697 |    99 ||  1025
       Kick              |       |       |       |    58 |       ||    58
Throw: Dart              |       |    10 |    13 |    37 |       ||    60
Invok: Lunge             |       |       |    14 |    43 |     1 ||    58
       Whirlwind         |       |       |       |     7 |     2 ||     9
 Abil: Wall Jump         |       |       |       |     1 |       ||     1
Evoke: Wand              |       |       |       |    22 |     1 ||    23
       Condenser vane    |       |       |       |     1 |       ||     1
  Use: Scroll            |       |    13 |     8 |    16 |     1 ||    38
       Potion            |       |     1 |     1 |     3 |     4 ||     9
 Stab: Sleeping          |    13 |     5 |    37 |    52 |       ||   107
       Invisible         |       |       |       |     1 |    10 ||    11
       Distracted        |       |       |       |     2 |       ||     2
Armor: Leather armour    |     3 |    39 |    12 |       |       ||    54
       Robe              |       |       |     4 |    77 |       ||    81
       Acid dragon scale |       |       |       |     8 |    10 ||    18
Dodge: Dodged            |    10 |   120 |   127 |   229 |    10 ||   496
Block: Other             |       |       |     6 |       |       ||     6
       Buckler           |       |       |     4 |   219 |    25 ||   248
       Reflection        |       |       |       |     2 |     1 ||     3

Table legend: (Time is in decaauts)
 A = Elapsed time spent in this place.
 B = Non-inter-level travel time spent in this place.
 C = Inter-level travel time spent in this place.
 D = Time resting spent in this place.
 E = Time spent auto-exploring this place.
 F = Levels seen in this place.
 G = Mean time per level.
                   A        B        C        D        E       F      G
               +--------+--------+--------+--------+--------+-----+--------+
         Total |  15763 |  15301 |    462 |   2779 |   9947 |  16 |  985.2 |
       Dungeon |  14790 |  14367 |    423 |   2490 |   9698 |  13 | 1137.7 |
        Temple |    290 |    252 |     38 |      0 |    238 |   1 |  290.0 |
          Lair |     15 |     15 |      0 |      0 |      0 |   1 |   15.0 |
      Gauntlet |    666 |    666 |      0 |    289 |     11 |   1 |  666.0 |
               +--------+--------+--------+--------+--------+-----+--------+

Top non-repeatable levels by time:
    D:11: 2271 daAuts
    D:10: 1853 daAuts
     D:4: 1727 daAuts
     D:3: 1285 daAuts
    D:12: 1250 daAuts
     D:6: 1160 daAuts
     D:5: 1050 daAuts
     D:9: 1004 daAuts
     D:2: 945 daAuts
     D:1: 853 daAuts
     D:8: 740 daAuts
Gauntlet: 666 daAuts
     D:7: 570 daAuts
  Temple: 290 daAuts
    D:13: 77 daAuts
